 Dungeon Sprint DCSS version 0.19.4-8-ga85b6b9 (webtiles) character file.

6800000 protoss039 the Talismancer (level 27, -4/273 HPs)
             Began as a Ghoul Artificer on Feb 13, 2017.
             Was the Champion of Makhleb.
             Slain by a destroyer
             ... wielding a +9 great sword of slicing
              (56 damage)
             ... in the Dungeon (Sprint VIII: "Arena of Blood").
             The game lasted 00:02:26 (68 turns).

protoss039 the Talismancer (Ghoul Artificer)          Turns: 68, Time: 00:02:26

Health: -4/273     AC:  6    Str: 29    XL:     27
Magic:  15/53      EV: 25    Int:  6    God:    Makhleb [******]
Gold:   0          SH:  0    Dex:  9    Spells: 0 memorised, 80 levels left

rFire  . . .     SeeInvis .     m - +∞ Axe of Woe
rCold  + . .     Gourm    .     b - +0 leather armour
rNeg   + + +     Faith    .     (shield currently unavailable)
rPois  ∞         Spirit   .     (no helmet)
rElec  .         Reflect  .     (no cloak)
rCorr  .         Harm     .     (no gloves)
MR     ++...     NoTele   +     (no boots)
Stlth  +++++++++.               (no amulet)
                                (no ring)
                                (no ring)

@: rotting
A: rotting body, claws 1, carnivore 3, cold resistance 1, negative energy
resistance 3, slow regeneration 1, torment resistance, unbreathing
a: Minor Destruction, Lesser Servant of Makhleb, Major Destruction, Greater
Servant of Makhleb, Renounce Religion


You were in the Dungeon.
You worshipped Makhleb.
Makhleb was exalted by your worship.
You were not hungry.

You visited 1 branch

Inventory:

Hand Weapons
 a - a +0 short sword
 m - the +∞ Axe of Woe (weapon)
   (You found it in the Dungeon)
Armour
 b - a +0 leather armour (worn)
Wands
 c - a wand of flame (15/48)
 d - a wand of enslavement (15/24)
 e - a wand of random effects (15/48)
Scrolls
 l - a scroll of blinking
Potions
 g - a potion of curing
 h - a potion of heal wounds
 i - a potion of haste
 j - 2 potions of magic
 k - a potion of berserk rage
Comestibles
 f - a meat ration


   Skills:
 O Level 27 Fighting
 O Level 27 Short Blades
 O Level 27 Axes
 O Level 27 Throwing
 O Level 27 Armour
 O Level 27 Dodging
 O Level 27 Stealth
 O Level 27 Unarmed Combat
 O Level 27 Spellcasting
 O Level 27 Invocations
 O Level 27 Evocations


You had 80 spell levels left.
You didn't know any spells.

Dungeon Overview and Level Annotations

Branches:
Dungeon (1/1)

Altars:
Makhleb


Innate Abilities, Weirdness & Mutations

Your body is rotting away.
You thrive on raw meat.
You are immune to poison.
You have sharp fingernails.
You are carnivorous and can eat meat at any time.
Your flesh is cold resistant. (rC+)
You are immune to negative energy. (rN+++)
You regenerate slowly when monsters are visible.
You are immune to unholy pain and torment.
You can survive without breathing.


Message History

Makhleb accepts your kill.
You hear a shout! x6
The accursed points at you and mumbles some strange words.
Something smites you!
You hear a shout!
Unknown command.
Unknown command.
Unknown command.
Okay, then.
An ogre, a vampire knight and a lich come into view.
The destroyer is wielding a +9 great sword of slicing.
You hear a shout!
The meat berserker rages.
You hear a shout!
The meat beast appears out of thin air!
A meat beast comes into view.
The destroyer hits you with a +9 great sword of slicing!!!!!
Ouch! That really hurt!
* * * LOW HITPOINT WARNING * * *
You die...

#.. ...# #... ...#
. . .###CVo
...###..
.2......###o.....
#.......O_.....
.... #o.%..# .....
#_2<)_# .
......#)))..#.%..
#....WV@)_O%.%%...
....%..)###..%.%..
...###... X..###..
.. #.M.O..o# .
#.......#
........o
........V..
.........L


You could see an accursed, a meat beast (wandering), a tyrant (wandering), a
reaper, 3 destroyers, a large bag of meat (inner flame), a dread, 3 meat
berserkers and 3 bags of meat.

Vanquished Creatures
  A greater mummy (D)
  12 vampire knights (D)
  16 ogres (D)
  A lich (D)
  34 orcs (D)
  5 hill giants (D)
  4 skeletal warriors (D)
  5 small abominations (D)
  2 large abominations (D)
  7 crawling corpses (D)
87 creatures vanquished.

Vanquished Creatures (others)
  A crawling corpse (D)
1 creature vanquished.

Grand Total: 88 creatures vanquished

Notes
Turn   | Place    | Note
-------+----------+-------------------------------------------
     0 | D        | protoss039 the Ghoul Artificer began the quest for the Orb.
     0 | D        | Reached XP level 1. HP: 16/16 MP: 1/1
     2 | D        | Noticed a bag of meat
     2 | D        | Noticed a bag of meat
     3 | D        | Became a worshipper of Makhleb the Destroyer
     4 | D        | Noticed a bag of meat
     5 | D        | Noticed a bag of meat
     6 | D        | Noticed a bag of meat
     8 | D        | Killed a bag of meat
     8 | D        | Reached XP level 2. HP: 31/31 MP: 1/12
     8 | D        | Reached XP level 3. HP: 38/38 MP: 1/14
     8 | D        | Reached XP level 4. HP: 45/45 MP: 1/15
     8 | D        | Reached XP level 5. HP: 51/51 MP: 1/17
     8 | D        | Reached XP level 6. HP: 58/58 MP: 1/18
     8 | D        | Reached XP level 7. HP: 64/64 MP: 1/20
     8 | D        | Reached XP level 8. HP: 71/71 MP: 1/21
     8 | D        | Reached XP level 9. HP: 78/78 MP: 1/22
     8 | D        | Reached XP level 10. HP: 84/84 MP: 1/23
     8 | D        | Reached XP level 11. HP: 91/91 MP: 1/24
     8 | D        | Reached XP level 12. HP: 97/97 MP: 1/25
     9 | D        | Killed a bag of meat
     9 | D        | Reached * piety under Makhleb
     9 | D        | Reached skill level 5 in Short Blades
     9 | D        | Reached XP level 13. HP: 107/107 MP: 1/27
     9 | D        | Killed a bag of meat
     9 | D        | Reached XP level 14. HP: 116/116 MP: 1/29
    10 | D        | Noticed a bag of meat
    11 | D        | Killed a bag of meat
    11 | D        | Reached skill level 10 in Fighting
    11 | D        | Reached skill level 15 in Dodging
    11 | D        | Reached skill level 27 in Evocations
    12 | D        | Noticed a bag of meat
    14 | D        | Noticed a bag of meat
    15 | D        | Noticed a bag of meat
    15 | D        | Killed a bag of meat
    15 | D        | Reached ** piety under Makhleb
    15 | D        | Reached XP level 15. HP: 133/133 MP: 2/31
    16 | D        | Noticed a meat berserker
    16 | D        | Noticed a meat berserker
    18 | D        | Reached skill level 15 in Fighting
    18 | D        | Reached skill level 15 in Axes
    18 | D        | Reached XP level 16. HP: 98/149 MP: 3/32
    20 | D        | Killed a meat berserker
    20 | D        | Reached *** piety under Makhleb
    20 | D        | Reached skill level 5 in Armour
    20 | D        | Reached XP level 17. HP: 84/168 MP: 4/33
    21 | D        | Noticed a meat berserker
    21 | D        | Killed a meat berserker
    21 | D        | Reached skill level 10 in Short Blades
    21 | D        | Reached **** piety under Makhleb
    21 | D        | Reached XP level 18. HP: 116/184 MP: 4/34
    22 | D        | Noticed a meat berserker
    22 | D        | Noticed a large bag of meat
    22 | D        | Noticed a large bag of meat
    23 | D        | Noticed a meat berserker
    24 | D        | Noticed a meat berserker
    24 | D        | Noticed a destroyer
    25 | D        | Noticed a destroyer
    25 | D        | Noticed a destroyer
    26 | D        | Killed a meat berserker
    26 | D        | Killed a meat berserker
    26 | D        | Reached skill level 27 in Axes
    26 | D        | Reached skill level 27 in Dodging
    26 | D        | Reached XP level 19. HP: 106/206 MP: 5/35
    26 | D        | Killed a destroyer
    26 | D        | Reached ***** piety under Makhleb
    26 | D        | Reached skill level 27 in Fighting
    28 | D        | Killed a meat berserker
    28 | D        | Reached XP level 20. HP: 159/216 MP: 6/36
    29 | D        | Killed a large bag of meat
    30 | D        | Noticed a destroyer
    31 | D        | Killed a meat berserker
    32 | D        | Reached XP level 21. HP: 203/224 MP: 7/37
    33 | D        | Noticed a meat berserker
    33 | D        | Killed a destroyer
    33 | D        | Reached ****** piety under Makhleb
    33 | D        | Reached skill level 27 in Armour
    33 | D        | Reached skill level 27 in Invocations
    34 | D        | Killed a destroyer
    34 | D        | Reached skill level 27 in Short Blades
    34 | D        | Reached XP level 22. HP: 217/233 MP: 7/38
    37 | D        | Reached skill level 10 in Spellcasting
    38 | D        | Reached skill level 15 in Throwing
    38 | D        | Reached XP level 23. HP: 240/240 MP: 8/40
    39 | D        | Noticed a destroyer
    39 | D        | Reached skill level 15 in Spellcasting
    40 | D        | Noticed a destroyer
    41 | D        | Killed a destroyer
    41 | D        | Killed a destroyer
    41 | D        | Reached XP level 24. HP: 249/249 MP: 8/46
    41 | D        | Reached skill level 27 in Stealth
    43 | D        | Noticed a destroyer
    44 | D        | Reached skill level 27 in Unarmed Combat
    45 | D        | Noticed a destroyer
    45 | D        | Killed a destroyer
    45 | D        | Reached skill level 27 in Throwing
    45 | D        | Reached XP level 25. HP: 257/257 MP: 9/51
    46 | D        | Reached skill level 27 in Spellcasting
    49 | D        | Noticed a destroyer
    49 | D        | Noticed a tyrant
    49 | D        | Reached XP level 26. HP: 266/266 MP: 10/53
    50 | D        | Noticed a destroyer
    51 | D        | Killed a destroyer
    51 | D        | Killed a destroyer
    51 | D        | Reached XP level 27. HP: 273/273 MP: 11/53
    54 | D        | Noticed a destroyer
    54 | D        | Noticed an accursed
    55 | D        | Killed a destroyer
    57 | D        | Killed a destroyer
    57 | D        | Killed a destroyer
    58 | D        | Noticed a destroyer
    60 | D        | Killed a tyrant
    60 | D        | Noticed a destroyer
    61 | D        | Noticed a destroyer
    63 | D        | Killed an accursed
    64 | D        | Noticed an accursed
    65 | D        | Killed a destroyer
    66 | D        | Noticed a dread
    67 | D        | Noticed an accursed
    68 | D        | Noticed a tyrant
    68 | D        | Noticed a destroyer
    68 | D        | Slain by a destroyer

Skill      XL: |  1  2  3  4  5  6  7  8  9 10 11 12 13 14 15 16 17 18 19 20 21 22 23 24 25 |
---------------+----------------------------------------------------------------------------+-----
Fighting       | 6 7 8 12 15 19 22 26 27 | 27.0
Short Blades   | 4 5 6 8 9 11 12 18 21 27 | 27.0
Axes           | 4 6 7 11 15 20 23 27 | 27.0
Dodging        | 11 13 14 17 20 22 24 27 | 27.0
Evocations     | 21 23 25 27 | 27.0
Stealth        | 3 19 26 27 | 27.0
Armour         | 3 6 8 11 20 24 27 | 27.0
Invocations    | 6 18 22 27 | 27.0
Throwing       | 15 21 27 | 27.0
Unarmed Combat | 17 24 27 | 27.0
Spellcasting   | 14 20 25 27 | 27.0

Action                   |  1- 3 |  4- 6 |  7- 9 | 10-12 | 13-15 | 16-18 | 19-21 | 22-24 | 25-27 || total
-------------------------+-------+-------+-------+-------+-------+-------+-------+-------+-------++-------
Melee: Executioner's axe |     1 |       |       |     1 |     4 |     4 |     6 |     9 |    20 ||    45
Invok: Lesser Servant of |       |       |       |       |       |     1 |       |       |       ||     1
Dodge: Dodged            |       |       |       |       |       |       |       |     1 |       ||     1
